 Dungeon Crawl Stone Soup version 0.29-a0-378-gc08b2e8bf8 (webtiles) character file.

Game seed: 16038443624221271879

114 Antichthon the Covered (level 4, -2/29 HPs)
             Began as a Gargoyle Fighter on May 5, 2022.
             Killed by divine providence
             ... invoked by an orc priest
              (11 damage)
             ... on level 5 of the Dungeon.
             The game lasted 00:04:10 (2614 turns).

Antichthon the Covered (Gargoyle Fighter)           Turns: 2614, Time: 00:04:10

Health: -2/29      AC: 15    Str: 19    XL:     4   Next: 97%
Magic:  4/4        EV:  9    Int: 11    God:
Gold:   94         SH:  4    Dex:  9    Spells: 3/3 levels left

rFire   . . .      SeeInvis .   a - +0 flail
rCold   . . .      Faith    .   c - +0 buckler
rNeg    + . .      Spirit   .   b - +0 scale mail
rPois   ∞          Reflect  .   f - +0 helmet
rElec   +          Harm     .   (no cloak)
rCorr   .          Rampage  .   i - +2 pair of gloves
Will    .....                   (no boots)
Stlth   ..........              (no amulet)
HPRegen 0.09/turn               (no ring)
MPRegen 0.09/turn               (no ring)

@: no status effects
A: sickness immunity, AC +3, negative energy resistance 1, electricity
resistance, torment resistance 1, petrification resistance
a: no special abilities


You were on level 5 of the Dungeon.
You visited 1 branch of the dungeon, and saw 4 of its levels.

You collected 94 gold pieces.

Inventory:

Hand Weapons
 a - a +0 flail (weapon)
Armour
 b - a +0 scale mail (worn)
 c - a +0 buckler (worn)
 f - a +0 helmet (worn)
 i - a +2 pair of gloves (worn)
Scrolls
 g - a scroll of enchant armour {unknown}
Potions
 d - 2 potions of might
 e - 2 potions of curing
 h - a potion of flight
 j - 2 potions of haste


   Skills:
 * Level 3.7 Fighting
 * Level 3.0 Maces & Flails
 * Level 4.0 Armour
 * Level 0.9 Dodging
 * Level 3.8 Shields
 * Level 1.3 Invocations


You had 3 spell levels left.
You didn't know any spells.
Your spell library contained the following spells:

 Spells                   Type           Power      Damage    Failure   Level
 Dazzling Flash           Conj/Hex       0%         N/A       99%         3
 Gell's Gravitas          Tloc           0%         N/A       99%         3
 Teleport Other           Tloc           0%         N/A       99%         3
 Iskenderun's Mystic Bla  Conj/Tloc      0%         2d3       100%        4
 Dispersal                Tloc           0%         N/A       100%        6
 Starburst                Conj/Fire      0%         6d3       100%        6


Dungeon Overview and Level Annotations

Branches:
Dungeon (3/15)

Altars:

Annotations:
D:2 1 runed translucent door, Crazy Yiuf


Innate Abilities, Weirdness & Mutations

You are immune to sickness and miasma.
Your stone body is resilient. (AC +3)
You are immune to poison.
You resist negative energy. (rN+)
You are resistant to electric shocks. (rElec)
You are resistant to unholy torment.
You are immune to petrification.


Message History

The adder barely misses you.
The orc priest miscasts a cantrip.
The orc hits you but does no damage. The adder barely misses you.
You thump the adder!
You kill the adder!
The orc priest invokes the aid of Beogh against you.
Beogh smites you! The orc hits you but does no damage.
A hound comes into view.
The hound barks!
You hear a bark!
A hound comes into view.
You hear an angry hiss.
You see here an adder corpse.
You closely miss the orc.
The orc priest begins to cast a cantrip, but forgets the words!
You block the orc's attack.
The hound falls through a shaft!
The shaft crumbles and collapses.
You hit the orc.
The orc is severely wounded.
The orc priest looks encouraged for a moment.
The orc barely misses you. You block the orc's attack.
You hit the orc.
The orc is almost dead.
The hound bites you. You block the orc's attack.
You barely miss the orc.
The orc is almost dead.
The hound closely misses you. The orc closely misses you.
You block the hound's attack.
A hound comes into view.
You closely miss the orc.
The orc is almost dead.
The hound barks!
The hound barely misses you.
The orc priest begins to cast a cantrip, but forgets the words!
The orc hits you but does no damage. The hound bites you but does no damage.
You sock the orc!
You kill the orc!
An adder comes into view.
A black bear comes into view.
The orc priest calls down the wrath of Beogh upon you.
Beogh smites you!
You die...

#.......#
+.......#
###....$..#
#.....o#.##
#.####o# #
#o# #.# #)#
#@#
.h^...h.#
S.h.....#
.....^...
.........
....^.....
.^....^...
..........#


You could see a black bear, 2 hounds, an orc priest, an adder (wandering) and 2
orcs.

Vanquished Creatures
  Robin (D:2)
  A gnoll (D:1)
  3 adders
  2 orcs
  6 ball pythons
  4 endoplasms
  4 giant cockroaches
  12 goblins
  12 hobgoblins
  6 bats
  3 frilled lizards (D:2)
  8 kobolds
  2 rats (D:2)
64 creatures vanquished.

Notes
Turn   | Place    | Note
-------+----------+-------------------------------------------
     0 | D:1      | Antichthon the Gargoyle Fighter began the quest for the
                  | Orb.
     0 | D:1      | Reached XP level 1. HP: 14/14 MP: 1/1
   200 | D:1      | Found a faded altar of an unknown god.
   348 | D:1      | Reached XP level 2. HP: 15/19 MP: 2/2
   706 | D:1      | Reached XP level 3. HP: 23/23 MP: 3/3
   948 | D:2      | Noticed Robin
  1406 | D:2      | Reached skill level 1 in Invocations
  1411 | D:2      | Killed Robin
  1412 | D:2      | Reached XP level 4. HP: 11/29 MP: 4/4
  1843 | D:2      | Found a runed translucent door.
  1844 | D:2      | Noticed Crazy Yiuf
  2200 | D:3      | Reached skill level 4 in Armour
  2583 | D:3      | You fall into a shaft and drop 2 floors!
  2583 | D:5      | Entered Level 5 of the Dungeon
  2614 | D:5      | Noticed a black bear
  2614 | D:5      | Killed from afar by an orc priest

Illustrated notes

Levels and vault maps discovered:
D:1:      dpeg_arrival_line_fractal, layout_loops_ring,
          shapermc_ecumenical_altar_mp_urbaneastern
D:2:      layout_rooms, minmay_pentomino_s2, uniq_robin, uniq_crazy_yiuf_cottage
D:3:      layout_basic
D:5:      layout_basic, minmay_temple_entry_crystal_x, minmay_holes

Skill      XL: |  1  2  3  4 |
---------------+-------------+-----
Invocations    | 1 |  1.3
Armour         | 4 |  4.0
Maces & Flails | 3 |  3.0
Fighting       | |  3.7
Dodging        | |  0.9
Shields        | |  3.8

Action                   |  1- 3 |  4- 6 || total
-------------------------+-------+-------++-------
Melee: Flail             |   113 |   114 ||   227
  Use: Scroll            |     2 |     4 ||     6
Armor: Scale mail        |    85 |   125 ||   210
Dodge: Dodged            |    63 |    97 ||   160
Block: Buckler           |    33 |    38 ||    71

Table legend: (Time is in decaauts)
 A = Elapsed time spent in this place.
 B = Non-inter-level travel time spent in this place.
 C = Inter-level travel time spent in this place.
 D = Time resting spent in this place.
 E = Time spent auto-exploring this place.
 F = Levels seen in this place.
 G = Mean time per level.
                   A        B        C        D        E       F      G
               +--------+--------+--------+--------+--------+-----+--------+
         Total |   2688 |   2631 |     57 |    348 |   1667 |   4 |  672.0 |
       Dungeon |   2688 |   2631 |     57 |    348 |   1667 |   4 |  672.0 |
               +--------+--------+--------+--------+--------+-----+--------+

Top non-repeatable levels by time:
     D:1: 1391 daAuts
     D:2: 772 daAuts
     D:3: 489 daAuts
     D:5: 35 daAuts
